Workbook

Sheet PROYECTO 1
A1: GOBIERNO DEL ESTADO DE ZACATECAS
A9: PROYECTO: | B9: CONSTRUCCIÓN DE CALLES CON PAVIMENTACIÓN DE CONCRETO ASFÁLTICO, EN VETARANDE, LOCALIDAD SANTA RITA, EN CALLE CALLECITA Y ALIANZA, PARA BENEFICIO DE LOS HABITANTES.
A10: UBICACIÓN: | B10: VETAGRANDE, ZAC.
A12: PRESUPUESTO DE ADQUISICIÓN DE INSUMOS
A14: Código | B14: Concepto | C14: Unidad | D14: Cantidad | E14: Costo Unitario | F14: Importe
B16: PRELIMINARES
A17: 108LETRERO2 | B17: SUMINISTRO DE LETRERO ALUSIVO A LA OBRA A BASE DE PERFIL TUBULAR PTR DE 2"X2" Y LÁMINA LISA EN SECCIÓN DE 1.20 X 1.50 M. Y UNA ALTURA TOTAL DE 2.50 + 0.50 M DE EMPOTRAMIENTO EN EL QUE DEBE INCLUIR: MUNICIPIO, LOCALIDAD, NOMBRE DE LA OBRA, MONTOS DE INVERSIÓN, LA NATURALEZA DL RECURSO (FISM - FISE) Y TOTAL DE BENEFICIARIOS. INLUYE PINTURA Y ROTULACIÓN DE LOGOTIPOS OFICIALES Y EN SU CASO LAS ACCIONES EN VIVIENDAS BENEFICIADAS, LA PLACA O CALCOMANÍA ALUSIVA AL MENOS DE 20 CM POR 40 CM, CON LOS LOGOTIPOS OFICIALES, DONDE DEBERÁN SEÑALAR LA VIVIENDA BENEFICIADA CON LA OBRA O ACCIÓN RECIBIDA Y NATURALEZA DEL RECURSO (FISE/FISM). L.A.B. EN EL SITIO DE LOS TRABAJOS. | C17: PZA | D17: 1 | E17: 3787 | F17: =+ROUND(D17*E17,2) -> 3787
B18: SUBTOTAL PRELIMINARES | F18: =SUM(F17) -> 3787
B19: PAVIMENTO
A20: MASF0003 | B20: EMULSION CATIONICA DE ROMPIMIENTO RAPIDO (ECR) , DE ACUERDO CON LA NORMA DE LA SCT N-CMT-4-05-001 VIGENTE. (PUESTOS EN CABECERA MUNICIPAL CORRESPONDIENTE) | C20: L | D20: 2784.67 | E20: =+'EST. MCDO'!G22 -> 13.59 | F20: =+ROUND(D20*E20,2) -> 37843.67
A21: MASF0004 | B21: EMULSION ASFALTICA CATIONICA DE ROMPIMIENTO LENTO (ECL) DE ACUERDO CON LA NORMA DE LA SCT N-CMT-4-05-001 VIGENTE. (PUESTOS EN CABECERA MUNICIPAL CORRESPONDIENTE) | C21: L | D21: ='1 ALIANZA.'!D18+#REF! -> #REF! | E21: =+'EST. MCDO'!G23 -> 14.12 | F21: =+ROUND(D21*E21,2) -> #REF!
A22: MASFPG64-22P | B22: ADQUISICIÓN DE CARPETA DE CONCRETO ASFALTICO CON CEMENTO ASFALTICOGRADO PG 64-22 ELABORADA EN PLANTA MEZCLA EN CALIENTE TIPO DENSA. (MEZCLA ASFÁLTICA SUELTA PUESTA EN CABECERA MUNICIPAL CORRESPONDIENTE). DE ACUERDO CON LA NORMA DE LA SCT N-CMT-4-05-003 VIGENTE. | C22: M3 | D22: ='1 ALIANZA.'!D19+#REF! -> #REF! | E22: =+'EST. MCDO'!G24 -> 2656.97 | F22: =+ROUND(D22*E22,2) -> #REF!
B23: TOTAL PAVIMENTO | F23: =SUM(F20:F22) -> #REF!
B24: SEÑALAMIENTO
A25: MPIN0001 | B25: PINTURA TRAFICO AMARILLO Y/O BLANCO, BASE AGUA, TIPO II, EN TAMBOS DE 200 L O CUBETA DE 19 L, DE ACUERDO A LA NORMA DE LA SICT N·CMT·5·01·001/13, PUESTA EN ALMACENES DE LA SUBSECRETARÍA DE COMUNICACIONES. | C25: L | D25: ='1 ALIANZA.'!D22+#REF! -> #REF! | E25: =+EST.MCDO.PIN.!G23 -> 116.69 | F25: =+ROUND(D25*E25,2) -> #REF!
B26: SUBTOTAL SEÑALAMIENTO | F26: =SUM(F25) -> #REF!
E29: SUMA: | F29: =+F23+F26+F18 -> #REF!
E30: 16 % I.V.A. | F30: =+ROUND(F29*0.16,2) -> #REF!
E31: TOTAL | F31: =ROUND(+(F29+F30),2) -> #REF!
A36: C. Eduardo Quintero Pinedo Arq. Manuel Alfonso Acuña Borda | E36: Ing. Carlos Rodríguez Limas
A37: Director de Costos y Presupuestos Subsecretario de Proyectos y Costos | E37: Subdirector de Validación y Costos

Sheet PROYECTO 2
A1: GOBIERNO DEL ESTADO DE ZACATECAS
A9: PROYECTO: | B9: CONSTRUCCIÓN DE CALLES CON PAVIMENTACIÓN DE CONCRETO ASFÁLTICO, EN VETARANDE, LOCALIDAD SAN JOSE DE LA ERA, EN 3 CALLES, PARA BENEFICIO DE LOS HABITANTES.
A10: UBICACIÓN: | B10: VETAGRANDE, ZAC.
A12: PRESUPUESTO DE ADQUISICIÓN DE INSUMOS
A14: Código | B14: Concepto | C14: Unidad | D14: Cantidad | E14: Costo Unitario | F14: Importe
B16: PRELIMINARES
A17: 108LETRERO2 | B17: SUMINISTRO DE LETRERO ALUSIVO A LA OBRA A BASE DE PERFIL TUBULAR PTR DE 2"X2" Y LÁMINA LISA EN SECCIÓN DE 1.20 X 1.50 M. Y UNA ALTURA TOTAL DE 2.50 + 0.50 M DE EMPOTRAMIENTO EN EL QUE DEBE INCLUIR: MUNICIPIO, LOCALIDAD, NOMBRE DE LA OBRA, MONTOS DE INVERSIÓN, LA NATURALEZA DL RECURSO (FISM - FISE) Y TOTAL DE BENEFICIARIOS. INLUYE PINTURA Y ROTULACIÓN DE LOGOTIPOS OFICIALES Y EN SU CASO LAS ACCIONES EN VIVIENDAS BENEFICIADAS, LA PLACA O CALCOMANÍA ALUSIVA AL MENOS DE 20 CM POR 40 CM, CON LOS LOGOTIPOS OFICIALES, DONDE DEBERÁN SEÑALAR LA VIVIENDA BENEFICIADA CON LA OBRA O ACCIÓN RECIBIDA Y NATURALEZA DEL RECURSO (FISE/FISM). L.A.B. EN EL SITIO DE LOS TRABAJOS. | C17: PZA | D17: 1 | E17: 3787 | F17: =+ROUND(D17*E17,2) -> 3787
B18: SUBTOTAL PRELIMINARES | F18: =SUM(F17) -> 3787
B19: PAVIMENTO
A20: MASF0003 | B20: EMULSION CATIONICA DE ROMPIMIENTO RAPIDO (ECR) , DE ACUERDO CON LA NORMA DE LA SCT N-CMT-4-05-001 VIGENTE. (PUESTOS EN CABECERA MUNICIPAL CORRESPONDIENTE) | C20: L | D20: ='4.1. MAYO'!D16+'4.2 CAMIN'!D16+'4.3 STO NIÑO'!D16 -> 2760.89 | E20: =+'EST. MCDO'!G22 -> 13.59 | F20: =+ROUND(D20*E20,2) -> 37520.5
A21: MASF0004 | B21: EMULSION ASFALTICA CATIONICA DE ROMPIMIENTO LENTO (ECL) DE ACUERDO CON LA NORMA DE LA SCT N-CMT-4-05-001 VIGENTE. (PUESTOS EN CABECERA MUNICIPAL CORRESPONDIENTE) | C21: L | D21: ='4.1. MAYO'!D17+'4.2 CAMIN'!D17+'4.3 STO NIÑO'!D17 -> 4693.51 | E21: =+'EST. MCDO'!G23 -> 14.12 | F21: =+ROUND(D21*E21,2) -> 66272.36
A22: MASFPG64-22P | B22: ADQUISICIÓN DE CARPETA DE CONCRETO ASFALTICO CON CEMENTO ASFALTICOGRADO PG 64-22 ELABORADA EN PLANTA MEZCLA EN CALIENTE TIPO DENSA. (MEZCLA ASFÁLTICA SUELTA PUESTA EN CABECERA MUNICIPAL CORRESPONDIENTE). DE ACUERDO CON LA NORMA DE LA SCT N-CMT-4-05-003 VIGENTE. | C22: M3 | D22: ='4.1. MAYO'!D18+'4.2 CAMIN'!D18+'4.3 STO NIÑO'!D18 -> 165.65 | E22: =+'EST. MCDO'!G24 -> 2656.97 | F22: =+ROUND(D22*E22,2) -> 440127.08
B23: TOTAL PAVIMENTO | F23: =SUM(F20:F22) -> 543919.94
B24: SEÑALAMIENTO
A25: MPIN0001 | B25: PINTURA TRAFICO AMARILLO Y/O BLANCO, BASE AGUA, TIPO II, EN TAMBOS DE 200 L O CUBETA DE 19 L, DE ACUERDO A LA NORMA DE LA SICT N·CMT·5·01·001/13, PUESTA EN ALMACENES DE LA SUBSECRETARÍA DE COMUNICACIONES. | C25: L | D25: ='4.1. MAYO'!D21+'4.2 CAMIN'!D21+'4.3 STO NIÑO'!D21 -> 53 | E25: =+EST.MCDO.PIN.!G23 -> 116.69 | F25: =+ROUND(D25*E25,2) -> 6184.57
B26: SUBTOTAL SEÑALAMIENTO | F26: =SUM(F25) -> 6184.57
E29: SUMA: | F29: =+F23+F26+F18 -> 553891.51
E30: 16 % I.V.A. | F30: =+ROUND(F29*0.16,2) -> 88622.64
E31: TOTAL | F31: =ROUND(+(F29+F30),2) -> 642514.15
A36: C. Eduardo Quintero Pinedo Arq. Manuel Alfonso Acuña Borda | E36: Ing. Carlos Rodríguez Limas
A37: Director de Costos y Presupuestos Subsecretario de Proyectos y Costos | E37: Subdirector de Validación y Costos

Sheet EST. MCDO
A1: GOBIERNO DEL ESTADO DE ZACATECAS
A11: PROYECTO: | B11: =+#REF! -> #REF!
A12: UBICACIÓN: | B12: =+#REF! -> #REF!
A15: ESTUDIO DE MERCADO
A17: Código | B17: Concepto | C17: Unidad | D17: COTIZACIONES (Octubre) | G17: PRECIO MÁXIMO DE REFERENCIA
D18: PRECIOS (NO INCLUYEN IVA)
D19: RÍO TRAC S.A DE C.V. | E19: PAVIMENTOS ESTRUCTURALES DE ZACATECAS S.A DE C.V. | F19: RIVERA Y RIVERA S.A DE C.V
B21: MATERIAL ASFÁLTICO
A22: MASF0003 | B22: ADQUISICIÓN DE EMULSION CATIÓNICA DE ROMPIMIENTO RÁPIDO, DE ACUERDO CON LA NORMA DE LA SCT N-CMT-4-05-001 VIGENTE.(PUESTO EN EL SITIO DE LOS TRABAJOS) | C22: L | D22: 16.35 | E22: 12.46 | F22: 11.97 | G22: =ROUND(AVERAGE(D22:F22),2) -> 13.59
A23: MASF0004 | B23: ADQUISICIÓN DE EMULSION CATIÓNICA DE ROMPIMIENTO LENTO, DE ACUERDO CON LA NORMA DE LA SCT N-CMT-4-05-001 VIGENTE. (PUESTO EN EL SITIO DE LOS TRABAJOS) | C23: L | D23: 17.45 | E23: 12.46 | F23: 12.45 | G23: =ROUND(AVERAGE(D23:F23),2) -> 14.12
A24: MASFPG64-22 | B24: ADQUISICIÓN DE CARPETA DE CONCRETO ASFALTICO CON CEMENTO ASFALTICOGRADO PG 64-22 ELABORADA EN PLANTA MEZCLA EN CALIENTE TIPO DENSA. (MEZCLA ASFÁLTICA SUELTA PUESTA EN EL SITIO DE LOS TRABAJOS) DE ACUERDO CON LA NORMA DE LA SCT N-CMT-4-05-003 VIGENTE. | C24: M3 | D24: 2738.5 | E24: 2657.4 | F24: 2575 | G24: =ROUND(AVERAGE(D24:F24),2) -> 2656.97
B27: PRECIOS CON VIGENCIA MENSUAL ACTUALIZÁNDOSE AL PRIMER DÍA DEL MES A TRANSCURRIR.
B28: Se anexan cotizaciones (3)

Sheet EST.MCDO.PIN.
A1: GOBIERNO DEL ESTADO DE ZACATECAS
A11: PROYECTO: | B11: =+'EST. MCDO'!B11:F11 -> #REF!
A12: UBICACIÓN: | B12: =+#REF! -> #REF!
A15: ESTUDIO DE MERCADO
A17: Código | B17: Concepto | C17: Unidad | D17: COTIZACIONES (Octubre) | G17: PRECIO MÁXIMO DE REFERENCIA
D18: PRECIOS (NO INCLUYEN IVA)
D19: EFORZA | E19: IMPERQUIMIA | F19: CASA ORTÍZ
B21: PINTURA
A22: MPIN0001 | B22: PINTURA TRAFICO AMARILLO Y/O BLANCO, BASE AGUA, TIPO II, EN TAMBOS DE 200 L O CUBETA DE 19 L, DE ACUERDO A LA NORMA DE LA SICT N·CMT·5·01·001/13, PUESTA EN ALMACENES DE LA SUBSECRETARÍA DE COMUNICACIONES. | C22: cub | D22: 2324.14 | E22: 2219.83 | F22: 2107.44 | G22: =ROUND(AVERAGE(D22:F22),2) -> 2217.14
C23: L | D23: =+D22/19 -> 122.32316 | E23: =+E22/19 -> 116.83316 | F23: =+F22/19 -> 110.91789 | G23: =ROUND(G22/19,2) -> 116.69
B28: Se anexan cotizaciones (3)

Sheet RESUMEN
A1: GOBIERNO DEL ESTADO DE ZACATECAS
A5: LICITACIÓN No: | B5: EA-932063953-SOP048-2023
A6: PROYECTO: | B6: ADQUISICION DE INSUMOS PARA LA CONSTRUCCIÓN Y REHABILITACIÓN DE CALLES CON PAVIMENTACIÓN CON CONCRETO ASFÁLTICO EN VETAGRANDE, LOCALIDADES VARIAS. EN VARIAS CALLES INCLUYE: 812.94 M3 DE MEZCLA ASFÁLTICA, 13,549.09 LTS DE EMULSIÓN DE ROMPIMIENTO RÁPIDO, 20,918.16 LTS DE EMULSIÓN ROMPIMIENTO LENTO Y 812.94 LTS DE PINTURA DE TRÁFICO.
A7: UBICACIÓN: | B7: VETAGRANDE, ZAC.
A9: RESUMEN DEL LISTADO DE ADQUISICIÓN DE INSUMOS
A11: Código | B11: Concepto | C11: Unidad | D11: Cantidad | E11: Costo Unitario | F11: Importe
A13: 1.1 | B13: CONSTRUCCIÓN DE CALLE CON PAVIMENTACIÓN DE CONCRETO ASFÁLTICO, EN VETAGRANDE, LOCALIDAD SANTA RITA, EN CALLE ALIANZA, CON 929 M2, PARA BENEFICIO DE 4 VIVIENDAS. | C13: LOTE | D13: 1
A14: 1.2 | B14: CONSTRUCCIÓN DE CALLE CON PAVIMENTACIÓN DE CONCRETO ASFÁLTICO, EN VETAGRANDE, LOCALIDAD SANTA RITA, EN CALLE CALLECITA, CON 1855.67 M2, PARA BENEFICIO DE 8 VIVIENDAS. | C14: LOTE | D14: 1
A15: 2 | B15: REHABILITACIÓN DE CALLE CON PAVIMENTACIÓN DE CONCRETO ASFÁLTICO, EN VETAGRANDE, LOCALIDAD SAUCEDA DE LA BORDA, ZAP 0159, EN CALLE SONORA, PARA BENEFICIO DE LOS HABITANTES. | C15: LOTE | D15: 1
A16: 3 | B16: CONSTRUCCIÓN DE CALLE CON PAVIMENTACIÓN DE CONCRETO ASFÁLTICO, EN VETARANDE, LOCALIDAD SAUCEDA DE LA BORDA, ZAP 0159, EN CALLE LA LOMA, PARA BENEFICIO DE LOS HABITANTES. | C16: LOTE | D16: 1
A17: 4.1 | B17: CONSTRUCCIÓN DE CALLE CON PAVIMENTACIÓN DE CONCRETO ASFÁLTICO, EN VETAGRANDE, LOCALIDAD SAN JOSÉ DE LA ERA, EN CALLE 1RO DE MAYO, CON 599.40 M2, PARA BENEFICIO DE 2 VIVIENDAS. | C17: LOTE | D17: 1
A18: 4.2 | B18: CONSTRUCCIÓN DE CALLE CON PAVIMENTACIÓN DE CONCRETO ASFÁLTICO, EN VETAGRANDE, LOCALIDAD SAN JOSÉ DE LA ERA, EN CALLE CAMINANTES, CON 1,101.1 M2, PARA BENEFICIO DE 3 VIVIENDAS. | C18: LOTE | D18: 1
A19: 4.3 | B19: CONSTRUCCIÓN DE CALLE CON PAVIMENTACIÓN DE CONCRETO ASFÁLTICO EN VETAGRANDE, LOCALIDAD SAN JOSÉ DE LA ERA , EN CALLE SANTO NIÑO, CON 1,060.39 M2. PARA BENEFICO DE 6 VIVIENDAS. | C19: LOTE | D19: 1
E22: SUBTOTAL
E23: 16 % I.V.A.
E24: TOTAL
E25: (IMPORTE TOTAL CON LETRA)
A27: NOTA: EN PAPELERIA MEBRETADA DE LA EMPRESA Y FIRMADO POR EL REPRESENTANTE LEGAL
A28: LOS BIENES SERÁN ENTREGADOS CONFORME LO REQUIERA EL ÁREA SOLICITANTE RESPETANDO EL PERIODO SEÑALADO

Sheet 1 ALIANZA.
A1: GOBIERNO DEL ESTADO DE ZACATECAS
A8: LICITACIÓN No: | B8: EA-932063953-SOP048-2023
A9: PROYECTO: | B9: CONSTRUCCIÓN DE CALLE CON PAVIMENTACIÓN DE CONCRETO ASFÁLTICO, EN VETAGRANDE, LOCALIDAD SANTA RITA, EN CALLE ALIANZA, CON 929 M2, PARA BENEFICIO DE 4 VIVIENDAS.
A10: UBICACIÓN: | B10: VETAGRANDE, ZAC.
A12: LISTADO DE ADQUISICIÓN DE INSUMOS
A14: Código | B14: Concepto | C14: Unidad | D14: Cantidad | E14: Costo con Número | F14: Costo con letra | G14: Importe
B16: PAVIMENTO
A17: MASF0003 | B17: EMULSION CATIONICA DE ROMPIMIENTO RAPIDO (ECR) , DE ACUERDO CON LA NORMA DE LA SCT N-CMT-4-05-001 VIGENTE. (PUESTOS EN EL SITIO DE LOS TRABAJOS) | C17: L | D17: 928.999
A18: MASF0004 | B18: EMULSION ASFALTICA CATIONICA DE ROMPIMIENTO LENTO (ECL) DE ACUERDO CON LA NORMA DE LA SCT N-CMT-4-05-001 VIGENTE. (PUESTOS EN EL SITIO DE LOS TRABAJOS) | C18: L | D18: 1579.3
A19: MASFPG64-22P | B19: ADQUISICIÓN DE CARPETA DE CONCRETO ASFALTICO CON CEMENTO ASFALTICO GRADO PG 64-22 ELABORADA EN PLANTA MEZCLA EN CALIENTE TIPO DENSA. (MEZCLA ASFÁLTICA SUELTA PUESTA EN EL SITIO DE LOS TRABAJOS). DE ACUERDO CON LA NORMA DE LA SCT N-CMT-4-05-003 VIGENTE. | C19: M3 | D19: 55.74
B20: SUBTOTAL PAVIMENTO
B21: SEÑALAMIENTO
A22: MPIN0001 | B22: PINTURA TRAFICO AMARILLO Y/O BLANCO, BASE AGUA, TIPO II, EN TAMBOS DE 200 L O CUBETA DE 19 L, DE ACUERDO A LA NORMA DE LA SICT N·CMT·5·01·001/13, PUESTA EN ALMACENES DE LA SUBSECRETARÍA DE COMUNICACIONES. | C22: L | D22: 33
B23: SUBTOTAL SEÑALAMIENTO
E25: SUBTOTAL
E26: 16 % I.V.A.
E27: TOTAL
E28: (IMPORTE TOTAL CON LETRA)
A29: NOTA: EN PAPELERIA MEBRETADA DE LA EMPRESA Y FIRMADO POR EL REPRESENTANTE LEGAL
A30: LOS BIENES SERÁN ENTREGADOS CONFORME LO REQUIERA EL ÁREA SOLICITANTE RESPETANDO EL PERIODO SEÑALADO

Sheet 1.2 CALLEC
A1: GOBIERNO DEL ESTADO DE ZACATECAS
A8: LICITACIÓN No: | B8: EA-932063953-SOP048-2023
A9: PROYECTO: | B9: CONSTRUCCIÓN DE CALLE CON PAVIMENTACIÓN DE CONCRETO ASFÁLTICO, EN VETAGRANDE, LOCALIDAD SANTA RITA, EN CALLE CALLECITA, CON 1855.67 M2, PARA BENEFICIO DE 8 VIVIENDAS.
A10: UBICACIÓN: | B10: VETAGRANDE, ZAC.
A12: LISTADO DE ADQUISICIÓN DE INSUMOS
A14: Código | B14: Concepto | C14: Unidad | D14: Cantidad | E14: Costo con Número | F14: Costo con letra | G14: Importe
B15: PAVIMENTO
A16: MASF0003 | B16: EMULSION CATIONICA DE ROMPIMIENTO RAPIDO (ECR) , DE ACUERDO CON LA NORMA DE LA SCT N-CMT-4-05-001 VIGENTE. (PUESTOS EN EL SITIO DE LOS TRABAJOS) | C16: L | D16: 1855.67
A17: MASF0004 | B17: EMULSION ASFALTICA CATIONICA DE ROMPIMIENTO LENTO (ECL) DE ACUERDO CON LA NORMA DE LA SCT N-CMT-4-05-001 VIGENTE. (PUESTOS EN EL SITIO DE LOS TRABAJOS) | C17: L | D17: 3154.64
A18: MASFPG64-22P | B18: ADQUISICIÓN DE CARPETA DE CONCRETO ASFALTICO CON CEMENTO ASFALTICO GRADO PG 64-22 ELABORADA EN PLANTA MEZCLA EN CALIENTE TIPO DENSA. (MEZCLA ASFÁLTICA SUELTA PUESTA EN EL SITIO DE LOS TRABAJOS). DE ACUERDO CON LA NORMA DE LA SCT N-CMT-4-05-003 VIGENTE. | C18: M3 | D18: 111.34
B19: TOTAL PAVIMENTO
B20: SEÑALAMIENTO
A21: MPIN0001 | B21: PINTURA TRAFICO AMARILLO Y/O BLANCO, BASE AGUA, TIPO II, EN TAMBOS DE 200 L O CUBETA DE 19 L, DE ACUERDO A LA NORMA DE LA SICT N·CMT·5·01·001/13, PUESTA EN ALMACENES DE LA SUBSECRETARÍA DE COMUNICACIONES. | C21: L | D21: 60
B22: TOTAL SEÑALAMIENTO
E25: SUBTOTAL
E26: 16 % I.V.A.
E27: TOTAL
E28: (IMPORTE TOTAL CON LETRA)
A29: NOTA: EN PAPELERIA MEBRETADA DE LA EMPRESA Y FIRMADO POR EL REPRESENTANTE LEGAL
A30: LOS BIENES SERÁN ENTREGADOS CONFORME LO REQUIERA EL ÁREA SOLICITANTE RESPETANDO EL PERIODO SEÑALADO

Sheet 2 SINA
A1: GOBIERNO DEL ESTADO DE ZACATECAS
A8: LICITACIÓN No: | B8: EA-932063953-SOP048-2023
A9: PROYECTO: | B9: REHABILITACIÓN DE CALLE CON PAVIMENTACIÓN DE CONCRETO ASFÁLTICO, EN VETAGRANDE, LOCALIDAD SAUCEDA DE LA BORDA, ZAP 0159, EN CALLE SONORA, PARA BENEFICIO DE LOS HABITANTES.
A10: UBICACIÓN: | B10: VETAGRANDE, ZAC.
A12: LISTADO DE ADQUISICIÓN DE INSUMOS
A14: Código | B14: Concepto | C14: Unidad | D14: Cantidad | E14: Costo con Número | F14: Costo con letra | G14: Importe
B15: PAVIMENTO
A16: MASF0003 | B16: EMULSION CATIONICA DE ROMPIMIENTO RAPIDO (ECR) , DE ACUERDO CON LA NORMA DE LA SCT N-CMT-4-05-001 VIGENTE. (PUESTOS EN EL SITIO DE LOS TRABAJOS) | C16: L | D16: 1244.29
A17: MASFPG64-22P | B17: ADQUISICIÓN DE CARPETA DE CONCRETO ASFALTICO CON CEMENTO ASFALTICO GRADO PG 64-22 ELABORADA EN PLANTA MEZCLA EN CALIENTE TIPO DENSA. (MEZCLA ASFÁLTICA SUELTA PUESTA EN EL SITIO DE LOS TRABAJOS). DE ACUERDO CON LA NORMA DE LA SCT N-CMT-4-05-003 VIGENTE. | C17: M3 | D17: 74.66
B18: SUBTOTAL PAVIMENTO
B19: SEÑALAMIENTO
A20: MPIN0001 | B20: PINTURA TRAFICO AMARILLO Y/O BLANCO, BASE AGUA, TIPO II, EN TAMBOS DE 200 L O CUBETA DE 19 L, DE ACUERDO A LA NORMA DE LA SICT N·CMT·5·01·001/13, PUESTA EN ALMACENES DE LA SUBSECRETARÍA DE COMUNICACIONES. | C20: L | D20: 31
B21: SUBTOTAL SEÑALAMIENTO
E23: SUBTOTAL
E24: 16 % I.V.A.
E25: TOTAL
E26: (IMPORTE TOTAL CON LETRA)
A27: NOTA: EN PAPELERIA MEBRETADA DE LA EMPRESA Y FIRMADO POR EL REPRESENTANTE LEGAL
A28: LOS BIENES SERÁN ENTREGADOS CONFORME LO REQUIERA EL ÁREA SOLICITANTE RESPETANDO EL PERIODO SEÑALADO

Sheet 3 LOMA 
A1: GOBIERNO DEL ESTADO DE ZACATECAS
A8: LICITACIÓN No: | B8: EA-932063953-SOP048-2023
A9: PROYECTO: | B9: CONSTRUCCIÓN DE CALLE CON PAVIMENTACIÓN DE CONCRETO ASFÁLTICO, EN VETARANDE, LOCALIDAD SAUCEDA DE LA BORDA, ZAP 0159, EN CALLE LA LOMA, PARA BENEFICIO DE LOS HABITANTES.
A10: UBICACIÓN: | B10: VETAGRANDE, ZAC.
A12: LISTADO DE ADQUISICIÓN DE INSUMOS
A14: Código | B14: Concepto | C14: Unidad | D14: Cantidad | E14: Costo con Número | F14: Costo con letra | G14: Importe
B16: PAVIMENTO
A17: MASF0003 | B17: EMULSION CATIONICA DE ROMPIMIENTO RAPIDO (ECR) , DE ACUERDO CON LA NORMA DE LA SCT N-CMT-4-05-001 VIGENTE. (PUESTOS EN EL SITIO DE LOS TRABAJOS) | C17: L | D17: 1213.68
A18: MASF0004 | B18: EMULSION ASFALTICA CATIONICA DE ROMPIMIENTO LENTO (ECL) DE ACUERDO CON LA NORMA DE LA SCT N-CMT-4-05-001 VIGENTE. (PUESTOS EN EL SITIO DE LOS TRABAJOS) | C18: L | D18: 2063.26
A19: MASFPG64-22P | B19: ADQUISICIÓN DE CARPETA DE CONCRETO ASFALTICO CON CEMENTO ASFALTICO GRADO PG 64-22 ELABORADA EN PLANTA MEZCLA EN CALIENTE TIPO DENSA. (MEZCLA ASFÁLTICA SUELTA PUESTA EN EL SITIO DE LOS TRABAJOS). DE ACUERDO CON LA NORMA DE LA SCT N-CMT-4-05-003 VIGENTE. | C19: M3 | D19: 72.82
B20: TOTAL PAVIMENTO
B21: SEÑALAMIENTO
A22: MPIN0001 | B22: PINTURA TRAFICO AMARILLO Y/O BLANCO, BASE AGUA, TIPO II, EN TAMBOS DE 200 L O CUBETA DE 19 L, DE ACUERDO A LA NORMA DE LA SICT N·CMT·5·01·001/13, PUESTA EN ALMACENES DE LA SUBSECRETARÍA DE COMUNICACIONES. | C22: L | D22: 26
B23: TOTAL SEÑALAMIENTO
E25: SUBTOTAL
E26: 16 % I.V.A.
E27: TOTAL
E28: (IMPORTE TOTAL CON LETRA)
A29: NOTA: EN PAPELERIA MEBRETADA DE LA EMPRESA Y FIRMADO POR EL REPRESENTANTE LEGAL
A30: LOS BIENES SERÁN ENTREGADOS CONFORME LO REQUIERA EL ÁREA SOLICITANTE RESPETANDO EL PERIODO SEÑALADO

Sheet 4.1.  MAYO
A1: GOBIERNO DEL ESTADO DE ZACATECAS
A8: LICITACIÓN No: | B8: EA-932063953-SOP048-2023
A9: PROYECTO: | B9: CONSTRUCCIÓN DE CALLE CON PAVIMENTACIÓN DE CONCRETO ASFÁLTICO, EN VETAGRANDE, LOCALIDAD SAN JOSÉ DE LA ERA, EN CALLE 1RO DE MAYO, CON 599.40 M2, PARA BENEFICIO DE 2 VIVIENDAS.
A10: UBICACIÓN: | B10: VETAGRANDE, ZAC.
A12: LISTADO DE ADQUISICIÓN DE INSUMOS
A14: Código | B14: Concepto | C14: Unidad | D14: Cantidad | E14: Costo con Número | F14: Costo con letra | G14: Importe
B15: PAVIMENTO
A16: MASF0003 | B16: EMULSION CATIONICA DE ROMPIMIENTO RAPIDO (ECR) , DE ACUERDO CON LA NORMA DE LA SCT N-CMT-4-05-001 VIGENTE. (PUESTOS EN EL SITIO DE LOS TRABAJOS) | C16: L | D16: 599.4
A17: MASF0004 | B17: EMULSION ASFALTICA CATIONICA DE ROMPIMIENTO LENTO (ECL) DE ACUERDO CON LA NORMA DE LA SCT N-CMT-4-05-001 VIGENTE. (PUESTOS EN EL SITIO DE LOS TRABAJOS) | C17: L | D17: 1018.98
A18: MASFPG64-22P | B18: ADQUISICIÓN DE CARPETA DE CONCRETO ASFALTICO CON CEMENTO ASFALTICO GRADO PG 64-22 ELABORADA EN PLANTA MEZCLA EN CALIENTE TIPO DENSA. (MEZCLA ASFÁLTICA SUELTA PUESTA EN EL SITIO DE LOS TRABAJOS). DE ACUERDO CON LA NORMA DE LA SCT N-CMT-4-05-003 VIGENTE. | C18: M3 | D18: 35.96
B19: SUBTOTAL PAVIMENTO
B20: SEÑALAMIENTO
A21: MPIN0001 | B21: PINTURA TRAFICO AMARILLO Y/O BLANCO, BASE AGUA, TIPO II, EN TAMBOS DE 200 L O CUBETA DE 19 L, DE ACUERDO A LA NORMA DE LA SICT N·CMT·5·01·001/13, PUESTA EN ALMACENES DE LA SUBSECRETARÍA DE COMUNICACIONES. | C21: L | D21: 8
B22: SUBTOTAL SEÑALAMIENTO
E23: SUBTOTAL
E24: 16 % I.V.A.
E25: TOTAL
E26: (IMPORTE TOTAL CON LETRA)
A27: NOTA: EN PAPELERIA MEBRETADA DE LA EMPRESA Y FIRMADO POR EL REPRESENTANTE LEGAL
A28: LOS BIENES SERÁN ENTREGADOS CONFORME LO REQUIERA EL ÁREA SOLICITANTE RESPETANDO EL PERIODO SEÑALADO

Sheet 4.2 CAMIN
A1: GOBIERNO DEL ESTADO DE ZACATECAS
A8: LICITACIÓN No: | B8: EA-932063953-SOP048-2023
A9: PROYECTO: | B9: CONSTRUCCIÓN DE CALLE CON PAVIMENTACIÓN DE CONCRETO ASFÁLTICO, EN VETAGRANDE, LOCALIDAD SAN JOSÉ DE LA ERA, EN CALLE CAMINANTES, CON 1,101.1 M2, PARA BENEFICIO DE 3 VIVIENDAS.
A10: UBICACIÓN: | B10: VETAGRANDE, ZAC.
A12: LISTADO DE ADQUISICIÓN DE INSUMOS
A14: Código | B14: Concepto | C14: Unidad | D14: Cantidad | E14: Costo con Número | F14: Costo con letra | G14: Importe
B15: PAVIMENTO
A16: MASF0003 | B16: EMULSION CATIONICA DE ROMPIMIENTO RAPIDO (ECR) , DE ACUERDO CON LA NORMA DE LA SCT N-CMT-4-05-001 VIGENTE. (PUESTOS EN EL SITIO DE LOS TRABAJOS) | C16: L | D16: 1101.1
A17: MASF0004 | B17: EMULSION ASFALTICA CATIONICA DE ROMPIMIENTO LENTO (ECL) DE ACUERDO CON LA NORMA DE LA SCT N-CMT-4-05-001 VIGENTE. (PUESTOS EN EL SITIO DE LOS TRABAJOS) | C17: L | D17: 1871.87
A18: MASFPG64-22P | B18: ADQUISICIÓN DE CARPETA DE CONCRETO ASFALTICO CON CEMENTO ASFALTICO GRADO PG 64-22 ELABORADA EN PLANTA MEZCLA EN CALIENTE TIPO DENSA. (MEZCLA ASFÁLTICA SUELTA PUESTA EN EL SITIO DE LOS TRABAJOS). DE ACUERDO CON LA NORMA DE LA SCT N-CMT-4-05-003 VIGENTE. | C18: M3 | D18: 66.07
B19: SUBTOTAL PAVIMENTO
B20: SEÑALAMIENTO
A21: MPIN0001 | B21: PINTURA TRAFICO AMARILLO Y/O BLANCO, BASE AGUA, TIPO II, EN TAMBOS DE 200 L O CUBETA DE 19 L, DE ACUERDO A LA NORMA DE LA SICT N·CMT·5·01·001/13, PUESTA EN ALMACENES DE LA SUBSECRETARÍA DE COMUNICACIONES. | C21: L | D21: 9
B22: SUBTOTAL SEÑALAMIENTO
E23: SUBTOTAL
E24: 16 % I.V.A.
E25: TOTAL
E26: (IMPORTE TOTAL CON LETRA)
A27: NOTA: EN PAPELERIA MEBRETADA DE LA EMPRESA Y FIRMADO POR EL REPRESENTANTE LEGAL
A28: LOS BIENES SERÁN ENTREGADOS CONFORME LO REQUIERA EL ÁREA SOLICITANTE RESPETANDO EL PERIODO SEÑALADO

Sheet 4.3 STO NIÑO
A1: GOBIERNO DEL ESTADO DE ZACATECAS
A8: LICITACIÓN No: | B8: EA-932063953-SOP048-2023
A9: PROYECTO: | B9: CONSTRUCCIÓN DE CALLE CON PAVIMENTACIÓN DE CONCRETO ASFÁLTICO EN VETAGRANDE, LOCALIDAD SAN JOSÉ DE LA ERA , EN CALLE SANTO NIÑO, CON 1,060.39 M2. PARA BENEFICO DE 6 VIVIENDAS.
A10: UBICACIÓN: | B10: VETAGRANDE, ZAC.
A12: LISTADO DE ADQUISICIÓN DE INSUMOS
A14: Código | B14: Concepto | C14: Unidad | D14: Cantidad | E14: Costo con Número | F14: Costo con letra | G14: Importe
B15: PAVIMENTO
A16: MASF0003 | B16: EMULSION CATIONICA DE ROMPIMIENTO RAPIDO (ECR) , DE ACUERDO CON LA NORMA DE LA SCT N-CMT-4-05-001 VIGENTE. (PUESTOS EN EL SITIO DE LOS TRABAJOS) | C16: L | D16: 1060.39
A17: MASF0004 | B17: EMULSION ASFALTICA CATIONICA DE ROMPIMIENTO LENTO (ECL) DE ACUERDO CON LA NORMA DE LA SCT N-CMT-4-05-001 VIGENTE. (PUESTOS EN EL SITIO DE LOS TRABAJOS) | C17: L | D17: 1802.66
A18: MASFPG64-22P | B18: ADQUISICIÓN DE CARPETA DE CONCRETO ASFALTICO CON CEMENTO ASFALTICO GRADO PG 64-22 ELABORADA EN PLANTA MEZCLA EN CALIENTE TIPO DENSA. (MEZCLA ASFÁLTICA SUELTA PUESTA EN EL SITIO DE LOS TRABAJOS). DE ACUERDO CON LA NORMA DE LA SCT N-CMT-4-05-003 VIGENTE. | C18: M3 | D18: 63.62
B19: SUBTOTAL PAVIMENTO
B20: SEÑALAMIENTO
A21: MPIN0001 | B21: PINTURA TRAFICO AMARILLO Y/O BLANCO, BASE AGUA, TIPO II, EN TAMBOS DE 200 L O CUBETA DE 19 L, DE ACUERDO A LA NORMA DE LA SICT N·CMT·5·01·001/13, PUESTA EN ALMACENES DE LA SUBSECRETARÍA DE COMUNICACIONES. | C21: L | D21: 36
B22: SUBTOTAL SEÑALAMIENTO
E23: SUBTOTAL
E24: 16 % I.V.A.
E25: TOTAL
E26: (IMPORTE TOTAL CON LETRA)
A27: NOTA: EN PAPELERIA MEBRETADA DE LA EMPRESA Y FIRMADO POR EL REPRESENTANTE LEGAL
A28: LOS BIENES SERÁN ENTREGADOS CONFORME LO REQUIERA EL ÁREA SOLICITANTE RESPETANDO EL PERIODO SEÑALADO
